 Dungeon Crawl Stone Soup version 0.26-b1-57-gb162d0664a (webtiles) character file.

Game seed: 17443881411802061797

2923 Fulmax the Cleaver (level 9, -1/85 HPs)
             Began as a Minotaur Berserker on Jan 8, 2021.
             Was an Elder of Trog.
             Slain by a gnoll
             ... wielding a +0 halberd of electrocution
              (7 damage)
             ... in a bailey.
             The game lasted 00:21:40 (6389 turns).

Fulmax the Cleaver (Minotaur Berserker)             Turns: 6389, Time: 00:21:41

Health: -1/85      AC: 15    Str: 22    XL:     9   Next: 50%
Magic:  8/8        EV:  9    Int:  3    God:    Trog [****..]
Gold:   454        SH:  0    Dex: 12    Spells: 8/8 levels left

rFire    . . .     SeeInvis .   z - +10 mace of Trial by Ordeal {freeze, Str+2 Int-3 Dex+2}
rCold    . . .     Faith    .   (no shield)
rNeg     . . .     Spirit   .   y - +4 chain mail "Bunyim" {rPois Will+ Str-3 Slay+3}
rPois    +         Reflect  .   (helmet restricted)
rElec    .         Harm     .   (no cloak)
rCorr    .         Rampage  .   g - +1 pair of gloves
Will     +....                  (no boots)
Stlth    ..........             (no amulet)
HPRegen  0.24/turn              (no ring)
MPRegen  0.11/turn              (no ring)

@: berserk cooldown, hasted and slowed
A: retaliatory headbutt, horns 2
a: Renounce Religion, Berserk, Trog's Hand, Brothers in Arms


You were in a bailey.
You worshipped Trog.
Trog was greatly pleased with you.
You visited 2 branches of the dungeon, and saw 8 of its levels.
You also visited: Bailey.

You collected 454 gold pieces.

Inventory:

Hand Weapons
 a - a +0 hand axe
 n - a +2 flail of holy wrath
 o - a +1 vorpal mace
 u - a +1 halberd of electrocution
 z - the +10 mace of Trial by Ordeal (weapon) {freeze, Str+2 Int-3 Dex+2}
   (You found it on level 7 of the Dungeon)

   It has been specially enchanted to freeze those struck by it, causing extra
   injury to most foes and up to half again as much damage against particularly
   susceptible opponents.
   It can also slow down cold-blooded creatures.
   It affects your strength (+2).
   It affects your intelligence (-3).
   It affects your dexterity (+2).
 B - a +1 halberd of electrocution
 C - a +3 halberd of electrocution
Missiles
 h - 7 boomerangs of dispersal
 r - 5 silver javelins
Armour
 c - +0 steam dragon scales
 g - a +1 pair of gloves (worn)
 k - a +1 ring mail of fire resistance
 y - the +4 chain mail "Bunyim" (worn) {rPois Will+ Str-3 Slay+3}
   (You found it on level 6 of the Dungeon)

   It affects your strength (-3).
   It affects your accuracy and damage with ranged weapons and melee attacks
   (+3).
   It protects you from poison.
   It affects your willpower, your defense against some magical effects.
Scrolls
 b - 6 scrolls of remove curse {unknown}
 e - 7 scrolls of identify {unknown}
 i - a scroll of enchant armour
 j - 5 scrolls of immolation {unknown}
 m - 2 scrolls of teleportation
 s - 2 scrolls of enchant weapon {unknown}
 v - 3 scrolls of fog {unknown}
 x - 2 scrolls of random uselessness {unknown}
Potions
 d - 5 potions of might
 f - a potion of degeneration {unknown}
 l - 7 potions of curing
 p - 2 potions of attraction {unknown}
 q - 2 potions of haste
 t - a potion of heal wounds {unknown}
 w - 2 potions of lignification {unknown}
 A - a potion of mutation {unknown}


   Skills:
 - Level 10.0 Fighting
 + Level 12.1 Axes
 - Level 4.0 Armour
 - Level 4.0 Dodging


You had 8 spell levels left.
You didn't know any spells.
Your spell library was empty.

Dungeon Overview and Level Annotations

Branches:
Dungeon (7/15)             Temple (1/1) D:4          Bailey (1/1)

Altars:
Ashenzari
Cheibriados
Elyvilon
Fedhas
Gozag
Hepliaklqana
Kikubaaqudgha
Makhleb
Nemelex Xobeh
Okawaru
Qazlal
Ru
Sif Muna
Trog
Vehumet
Wu Jian
Xom
Yredelemnul
Zin
The Shining One


Innate Abilities, Weirdness & Mutations

You reflexively headbutt those who attack you in melee.
You have a pair of horns on your head.


Message History

You kill the kobold!
Trog accepts your kill.
You are no longer berserk.
You are exhausted.
You feel yourself slow down.
The gnoll hits you from afar with a +1 halberd of electrocution.
* * * LOW HITPOINT WARNING * * *
You are electrocuted!
* * * LOW HITPOINT WARNING * * *
The gnoll barely misses you. You furiously retaliate!
You headbutt the gnoll.
There is an open door here.
You see here 8 boomerangs.
It was a potion of curing.
You feel better. The gnoll barely misses you.
The gnoll hits you from afar with a +1 halberd of electrocution.
* * * LOW HITPOINT WARNING * * *
The gnoll hits you but does no damage.
It was a potion of haste.
You feel yourself speed up. The gnoll hits you but does no damage.
The gnoll completely misses you.
The gnoll hits you from afar with a +0 halberd of electrocution!
You die...

###....(#####....(#
#.'..⌠..'.#.'..∩..'
###.....#####.....#
##.....# ##.....#
##'##'##'###'##'##'
#.###.# #.#†###.###
#)# ### #### ### #
#!## #g#g# ##@# #K#
#g# ##gg...#


#oK gg...# g! ..⌠..'. .....## .....# ##'##'# .# #. You could see 3 gnolls and a
hobgoblin.

Vanquished Creatures
  An orc knight (Bailey)
  Grinder (D:3)
  A steam dragon (D:7)
  Edmund (D:6)
  2 water moccasins
  An orc warrior (D:6)
  2 ice beasts
  A black bear (D:7)
  2 centaurs
  2 ogres
  A bullfrog (D:7)
  A howler monkey (D:5)
  An orc priest (D:6)
  3 hounds
  7 orc wizards
  3 centaur skeletons
  A bullfrog skeleton (D:4)
  3 iguanas
  5 worker ants
  Ijyb (D:4)
  A hound skeleton (D:5)
  2 worker ant zombies (D:5)
  5 adders
  12 gnolls
  2 white imps
  An ufetubus (D:7)
  3 oozes
  3 adder skeletons
  A worm (D:3)
  A dart slug (D:1)
  5 leopard geckos
  24 orcs
  7 bats
  8 giant cockroaches
  9 goblins
  10 hobgoblins
  3 jackals (D:3)
  5 quokkas
  2 ball pythons
  18 kobolds
  A leopard gecko zombie (D:6)
  A quokka skeleton (D:5)
  6 rats
170 creatures vanquished.

Vanquished Creatures (others)
  11 plants (D:4)
11 creatures vanquished.

Grand Total: 181 creatures vanquished

Notes
Turn   | Place    | Note
-------+----------+-------------------------------------------
     0 | D:1      | Fulmax the Minotaur Berserker began the quest for the Orb.
     0 | D:1      | Reached XP level 1. HP: 19/19 MP: 0/0
    88 | D:1      | Reached XP level 2. HP: 26/27 MP: 1/1
   207 | D:1      | Found a glowing golden altar of the Shining One.
   368 | D:1      | Reached skill level 4 in Axes
   520 | D:1      | Reached ** piety under Trog
   675 | D:1      | Reached XP level 3. HP: 31/33 MP: 2/2
  1097 | D:2      | Found a white marble altar of Elyvilon.
  1311 | D:3      | Reached XP level 4. HP: 37/41 MP: 3/3
  1545 | D:3      | Noticed Grinder
  1574 | D:3      | Killed Grinder
  1575 | D:3      | Reached skill level 5 in Fighting
  1575 | D:3      | Reached skill level 5 in Axes
  1575 | D:3      | Reached XP level 5. HP: 15/48 MP: 4/4
  1575 | D:3      | Reached XP level 6. HP: 18/56 MP: 5/5
  1887 | D:3      | Found an opulent altar of Gozag.
  2355 | D:3      | Reached *** piety under Trog
  2514 | D:4      | Reached skill level 6 in Axes
  2657 | D:4      | Reached XP level 7. HP: 42/64 MP: 6/6
  2923 | D:4      | Noticed Ijyb
  2940 | D:4      | Killed Ijyb
  3045 | D:4      | Found a staircase to the Ecumenical Temple.
  3047 | D:4      | Found a faded altar of an unknown god.
  3058 | Temple   | Entered the Ecumenical Temple
  3280 | D:4      | Reached skill level 7 in Axes
  3675 | D:5      | Entered Level 5 of the Dungeon
  3925 | D:5      | Found a radiant altar of Vehumet.
  3939 | D:5      | Reached XP level 8. HP: 33/74 MP: 7/7
  3943 | D:5      | Reached skill level 8 in Axes
  4527 | D:5      | Reached **** piety under Trog
  5171 | D:6      | Got a pitted chain mail
  5182 | D:6      | Identified the +4 chain mail "Bunyim" {rPois Will+ Str-3
                  | Slay+3} (You found it on level 6 of the Dungeon)
  5226 | D:6      | Noticed Edmund
  5234 | D:6      | Killed Edmund
  5280 | D:6      | Reached skill level 9 in Axes
  5928 | D:7      | Reached skill level 10 in Axes
  5928 | D:7      | Reached XP level 9. HP: 66/85 MP: 8/8
  5930 | D:7      | Reached skill level 10 in Fighting
  6079 | D:7      | Got an iridescent mace
  6088 | D:7      | Found a flagged portal.
  6106 | Bailey   | Entered a bailey
  6107 | Bailey   | Identified the +10 mace of Trial by Ordeal {freeze, Str+2
                  | Int-3 Dex+2} (You found it on level 7 of the Dungeon)
  6160 | Bailey   | Reached skill level 11 in Axes
  6216 | Bailey   | Noticed an orc knight
  6381 | Bailey   | Killed an orc knight
  6382 | Bailey   | Reached skill level 12 in Axes
  6387 | Bailey   | HP: 4/85 [gnoll/+1 halberd of electrocution (9)]
  6389 | Bailey   | Slain by a gnoll

Illustrated notes

Levels and vault maps discovered:
D:1:      dpeg_arrival_tiny_g, layout_loops_ring, tso_altar
D:2:      layout_basic, elyvilon_altar_4
D:3:      layout_basic, grunt_gozag_statues, uniq_grinder
D:4:      layout_basic, nicolae_overflow_hidden_temple,
          nicolae_temple_entry_ecumenical, uniq_ijyb
D:5:      layout_layer_cave, old_standard_altar, minmay_pentangle
D:6:      layout_cave_pools, minmay_between, uniq_edmund
D:7:      minmay_s_stair_smasher, layout_loops_ring, enter_bailey_5,
          serial_shops, nicolae_shop_temple_entry_statues_fountains,
          chequers_serial_rivers_micro_b
Temple:   regret_index_temple_mists
Bailey:   bailey_axe_2, bailey

Skill      XL: |  1  2  3  4  5  6  7  8  9 |
---------------+----------------------------+-----
Fighting       | 4 5 6 7 9 10 | 10.0
Axes           | 4 5 6 7 10 12 | 12.1
Armour         | 3 4 |  4.0
Dodging        | 3 4 |  4.0

Action                   |  1- 3 |  4- 6 |  7- 9 || total
-------------------------+-------+-------+-------++-------
Melee: Hand axe          |    88 |   124 |    27 ||   239
       Headbutt          |    11 |    28 |    40 ||    79
       Mace              |       |       |   217 ||   217
Invok: Berserk           |       |     1 |     2 ||     3
Evoke: Wand              |       |       |     1 ||     1
  Use: Scroll            |       |       |     3 ||     3
       Potion            |       |       |     2 ||     2
 Stab: Sleeping          |     1 |       |       ||     1
Armor: Animal skin       |     3 |       |       ||     3
       Ring mail         |    38 |       |       ||    38
       Chain mail        |     6 |    56 |   154 ||   216
Dodge: Dodged            |    56 |    56 |   132 ||   244
